 Dungeon Crawl Stone Soup version 0.27.0-1-g7a089689b8 (webtiles) character file.

Game seed: 15305023677640277726

60 inmateoo the Skirmisher (level 4, -1/29 HPs)
             Began as a Gargoyle Wanderer on Aug 2, 2021.
             Slain by a crimson imp (3 damage)
             ... summoned by Natasha
             ... on level 2 of the Dungeon.
             The game lasted 00:01:05 (408 turns).

inmateoo the Skirmisher (Gargoyle Wanderer)          Turns: 408, Time: 00:01:05

Health: -1/29      AC:  8    Str: 16    XL:     4   Next: 4%
Magic:  7/7        EV: 10    Int: 15    God:
Gold:   7          SH:  0    Dex:  7    Spells: 6/7 levels left

rFire    . . .     SeeInvis .   f - +0 dagger (freeze)
rCold    . . .     Faith    .   (no shield)
rNeg     + . .     Spirit   .   b - +0 ring mail
rPois    ∞         Reflect  .   (no helmet)
rElec    +         Harm     .   (no cloak)
rCorr    .         Rampage  .   (no gloves)
Will     .....                  (no boots)
Stlth    +.........             (no amulet)
HPRegen  0.09/turn              (no ring)
MPRegen  0.10/turn              (no ring)

@: slowed, very slow
A: sickness immunity, AC +3, negative energy resistance 1, electricity
resistance, torment resistance 1, petrification resistance
a: no special abilities


You were on level 2 of the Dungeon.
You visited 1 branch of the dungeon, and saw 2 of its levels.

You collected 7 gold pieces.

Inventory:

Hand Weapons
 a - a +0 hand crossbow
 d - a +0 dagger
 f - a +0 dagger of freezing (weapon)
Missiles
 c - 11 bolts
Armour
 b - a +0 ring mail (worn)


   Skills:
 + Level 4.1 Fighting
 - Level 1.0 Crossbows
 - Level 1.1 Armour
 - Level 2.1 Stealth
 - Level 2.0 Spellcasting
 - Level 2.6 Hexes


You had 6 spell levels left.
You knew the following spells:

 Your Spells              Type           Power      Damage    Failure   Level
a - Magic Dart            Conj           4%         1d3       38%         1

Your spell library contained the following spells:

 Spells                   Type           Power      Damage    Failure   Level
 Slow                     Hex            9%         N/A       22%         2
 Blink                    Tloc           N/A        N/A       54%         2
 Call Imp                 Summ           1%         N/A       54%         2
 Conjure Flame            Conj/Fire      1%         6-21      77%         3
 Mephitic Cloud           Conj/Pois/Air  1%         N/A       77%         3


Dungeon Overview and Level Annotations

Branches:
Dungeon (1/15)

Altars:

Annotations:
D:2 Natasha


Innate Abilities, Weirdness & Mutations

You are immune to sickness and miasma.
Your stone body is resilient. (AC +3)
You are immune to poison.
You resist negative energy. (rN+)
You are resistant to electric shocks. (rElec)
You are resistant to unholy torment.
You are immune to petrification.


Message History

You hit Natasha. You freeze Natasha.
You kill Natasha!
Natasha screams in pain as she dies!
Your Fighting skill increases to level 4!
You have reached level 4!
You feel stronger.
You close the door.
You start resting.
Natasha, Servant of Life and Death comes into view.
Natasha is nearby!
You open the door.
Natasha hisses angrily.
Natasha wildly gestures.
You feel disoriented.
There is an open door, spattered with blood here.
You close the door.
There's nothing to close nearby.
There's nothing to close nearby.
There's nothing to close nearby.
You start resting.
Natasha is nearby!
There's a creature in the doorway!
You hit Natasha. You freeze Natasha.
Natasha is heavily wounded.
Natasha casts a spell at you. You resist with some effort. Natasha claws you.
* * * LOW HITPOINT WARNING * * *
You hit Natasha. You freeze Natasha.
Natasha is severely wounded.
Natasha mumbles some strange words.
You closely miss Natasha.
Natasha is severely wounded.
Natasha stares at you and mumbles some strange words.
You resist with some effort. The crimson imp hits you.
* * * LOW HITPOINT WARNING * * *
Natasha barely misses you.
You miss Natasha.
Natasha is severely wounded.
The crimson imp hits you.
You die...

# #.#######
........
###.....# #.[#
........####..#
#(.....h..#..#
#..(..@##.#..#
#(...5.##.#..#
#.##+####.#..# #
####.#..# #
#...h#..##.#
####....#.....#
#.......#.#####
.##.......#...#
............##.#


You could see Natasha and a crimson imp (summoned).

Vanquished Creatures
  Jessica (D:2)
  Natasha (D:2)
  A goblin (D:1)
  A hobgoblin (D:2)
  4 jackals (D:1)
  A ball python (D:1)
  A kobold (D:1)
10 creatures vanquished.

Notes
Turn   | Place    | Note
-------+----------+-------------------------------------------
     0 | D:1      | inmateoo the Gargoyle Wanderer began the quest for the Orb.
     0 | D:1      | inmateoo set off with the following items: a +0 hand
                  | crossbow, a +0 ring mail, 23 bolts, a +0 dagger; and the
                  | following spell memorised: Magic Dart; and the following
                  | spells available to memorise: Slow, Blink, Call Imp,
                  | Conjure Flame, Mephitic Cloud
     0 | D:1      | Reached XP level 1. HP: 12/12 MP: 3/3
    46 | D:1      | Reached skill level 2 in Fighting
    52 | D:1      | Reached XP level 2. HP: 4/17 MP: 0/5
   287 | D:1      | You fall into a shaft and drop 1 floor!
   293 | D:2      | Noticed Jessica
   302 | D:2      | Killed Jessica
   303 | D:2      | Reached skill level 3 in Fighting
   303 | D:2      | Reached XP level 3. HP: 20/23 MP: 6/6
   333 | D:2      | Noticed Natasha
   358 | D:2      | Killed Natasha
   359 | D:2      | Reached skill level 4 in Fighting
   359 | D:2      | Reached XP level 4. HP: 4/29 MP: 7/7
   399 | D:2      | Noticed Natasha
   408 | D:2      | Slain by a crimson imp

Illustrated notes

Levels and vault maps discovered:
D:1:      minmay_arrival_glassed_features, layout_basic,
          hellmonk_ecumenical_altar_crossroads
D:2:      layout_basic, kennysheep_generic_room_11, uniq_natasha, uniq_jessica

Skill      XL: |  1  2  3 |
---------------+----------+-----
Fighting       | 2 3 4 |  4.1
Crossbows      | |  1.0
Armour         | |  1.1
Stealth        | |  2.1
Spellcasting   | |  2.0
Hexes          | |  2.6

Action                   |  1- 3 |  4- 6 || total
-------------------------+-------+-------++-------
Melee: Dagger            |    19 |     4 ||    23
 Fire: Hand crossbow     |    29 |       ||    29
 Cast: Magic Dart        |     1 |       ||     1
  Use: Potion            |     2 |       ||     2
Armor: Ring mail         |    18 |       ||    18
Dodge: Dodged            |    11 |     1 ||    12
